cohdb
Replays
Latest Replays
All Replays
Popular Replays
Top Player Replays
Match Explorer
How It Works
Community
CoH3 Stats
Reddit
Sign in to upload your games and track your stats! →
Sign in with Steam
Match 41953947
Unlisted
Match 41953947
Overview
Messages
Build Orders
End
Royal Engineer Section
Selects Heavy Armor Battlegroup
Construct Section Command Post
Dingo Light Scout Car
Vickers Machine Gun Team
Infantry Section
Construct Platoon Command Post
Selects Rigorous Vehicle Training
Humber Armored Car
Humber Armored Car
Humber Armored Car
6-pounder Anti-tank Gun Team
Construct Company Command Post
Selects Forward Repair Assembly
Foot Guards Section
Foot Guards Section
Unlock M3 Grant Medium Tanks
Royal Engineer Section
M3 Grant Medium Tank
Foot Guards Section
边防陈伟霆
Brother
0
0
Comments
sign in to comment!
No comments posted yet!